 Dungeon Crawl Stone Soup version 0.31.0-11-ge490571c62 (webtiles) character file.

Game seed: 8396830689650943574

1209 qw the Skirmisher (level 8, -6/40 HPs)
             Began as a Spriggan Hunter on Feb 4, 2024.
             Mangled by a water moccasin (8 damage)
             ... on level 6 of the Dungeon.
             The game lasted 00:00:18 (3182 turns).

qw the Skirmisher (Spriggan Hunter)                 Turns: 3182, Time: 00:00:19

Health: -6/40      AC:  2    Str:  6    XL:     8   Next: 22%
Magic:  3/3        EV: 23    Int: 18    God:
Gold:   229        SH:  0    Dex: 19    Spells: 7/7 levels left

rFire   . . .        d - +8 hand cannon of Execution {antimagic, rC- Int+3 SInv Stlth+}
rCold   x . .        (no shield)
rNeg    . . .        c - +1 robe
rPois   .            (helmet restricted)
rElec   .            (no cloak)
rCorr   .            (gloves unavailable)
SInv    +            (boots unavailable)
Will    +....        (no amulet)
Stlth   +++          (no ring)
HPRegen 0.26/turn    (no ring)
MPRegen 0.08/turn

%: no passive effects
@: lethally poisoned (-6 -> -15), about to teleport, very quick
A: very small, no large weapons, unfitting armour, see invisible, speed 3,
antennae 1, clever 1, deformed body
a: no special abilities


You were on level 6 of the Dungeon.
You visited 1 branch of the dungeon, and saw 6 of its levels.

You collected 329 gold pieces.
You spent 100 gold pieces at shops.


Innate Abilities, Weirdness & Mutations

You are very small and have problems with some larger weapons.
You are too small for most types of armour.
You have supernaturally acute eyesight. (SInv)
You cover ground extremely quickly. (Speed+++)
You have a pair of small antennae on your head.
Your mind is acute. (Int +4, Str/Dex -1)
Armour fits poorly on your strangely shaped body.


   Skills:
 - Level 3.0 Fighting
 + Level 8.3 Ranged Weapons
 - Level 8.1 Dodging
 - Level 1.5 Stealth


You had 7 spell levels left.
You didn't know any spells.
Your spell library was empty.

Inventory:

Hand Weapons
 d - the +8 hand cannon of Execution (weapon) {antimagic, rC- Int+3 SInv Stlth+}
   (You acquired it on level 1 of the Dungeon)

   Int+3:     It affects your intelligence (+3).
   rC-:       It makes you vulnerable to cold.
   SInv:      It lets you see invisible.
   Stlth+:    It makes you more stealthy.
Armour
 c - a +1 robe (worn)
Wands
 l - a wand of flame (15)
 n - a wand of roots (16)
 p - a wand of mindburst (6)
 r - a wand of polymorph (8)
Scrolls
 a - a scroll of teleportation
Potions
 e - a potion of curing
 f - a potion of cancellation {unknown}
 g - a potion of degeneration {unknown}
 h - 2 potions of might
 i - a potion of mutation
 j - 2 potions of enlightenment
 k - a potion of resistance {unknown}
 m - a potion of brilliance {unknown}

Dungeon Overview and Level Annotations

Branches:
Dungeon (6/15)
 Temple: D:4-7

Altars:
Gozag
Hepliaklqana
Qazlal
Trog
Vehumet

Shops:
D:3 ([*?   D:4 =   D:5 =

Annotations:
D:4 1 runed translucent door, qw's ghost, amateur DEHu
D:6 Pikel


Message History

You shoot a bolt. The bolt closely misses the lemure.
A water moccasin comes into view.
A lemure comes into view.
You shoot a bolt. The bolt hits the lemure!!
The lemure is severely wounded.
Pikel, Merchant of Souls comes into view.
He is wielding a +2 whip of freezing and carrying a wand of flame.
A hound comes into view.
You shoot a bolt. The bolt closely misses the lemure.
The lemure completely misses you.
You shoot a bolt. The bolt hits the lemure!
You kill the lemure!
That felt strangely unrewarding.
The hound completely misses you. x2
The water moccasin completely misses you.
You shoot a bolt. The bolt hits the hound.
The hound is lightly wounded.
The hound misses you. The water moccasin closely misses you.
The hound bites you. The water moccasin closely misses you.
You shoot a bolt. The bolt hits the hound!
The hound is severely wounded.
The hound closely misses you. The water moccasin bites you.
You are poisoned.
The water moccasin poisons you! The hound closely misses you.
The water moccasin bites you.
You are more poisoned.
The water moccasin poisons you! The hound barely misses you.
You shoot a bolt. The bolt hits the hound!
You kill the hound!
You feel extremely sick.
The water moccasin completely misses you. x2
The lemure hits you!
3181 ||| READING 2 scrolls of teleportation.
As you read the scroll of teleportation, it crumbles to dust.
You feel strangely unstable.
You feel very sick. The water moccasin closely misses you.
The lemure completely misses you.
You shoot a bolt. The bolt hits the lemure!
The lemure is heavily wounded.
You feel very sick. The water moccasin bites you!
You die...

.............
...........# ##
..........## ...
...........##...
.......<......#
..............###
................
......##......##
...... #@##...###
...... #S5.......
..... #K5.......
......###........
................
................
................
................
.#####........##


You could see Pikel, a water moccasin and 2 lemures.

Vanquished Creatures
  A steam dragon (D:5)
  2 ogres
  A black bear (D:5)
  2 lemures (D:6)
  A bullfrog (D:6)
  4 scorpions
  A gnoll sergeant (D:4)
  3 hounds
  Ijyb (D:5)
  4 iguanas
  An orc wizard (D:3)
  8 adders
  4 gnolls
  A white imp (D:5)
  4 ribbon worms
  A dart slug (D:2)
  7 orcs
  7 endoplasms
  3 giant cockroaches
  8 hobgoblins
  3 jackals (D:2)
  10 kobolds
  5 quokkas
  6 ball pythons
  3 bats
  5 frilled lizards
  5 goblins
  5 rats
106 creatures vanquished.

Notes
Turn   | Place    | Note
-------+----------+-------------------------------------------
     0 | D:1      | qw the Spriggan Hunter began the quest for the Orb.
     0 | D:1      | Reached XP level 1. HP: 10/10 MP: 2/2
     0 | D:1      | 0 ||| qw: Version: 0.3-a-160-g5e54788
     0 | D:1      | 0 ||| qw: Game counter: 4310
     0 | D:1      | 0 ||| qw: Melee chars always use a shield: true
     0 | D:1      | 0 ||| qw: God list: Okawaru
     0 | D:1      | 0 ||| qw: Allow faded altars: false
     0 | D:1      | 0 ||| qw: Do Orc after clearing Dungeon:15 true
     0 | D:1      | 0 ||| qw: Do second Lair branch before Depths: true
     0 | D:1      | 0 ||| qw: Lair rune preference: random
     0 | D:1      | 0 ||| qw: Goals: Normal
     0 | D:1      | 0 ||| PLANNING D:1-11
    86 | D:1      | Reached skill level 3 in Dodging
   156 | D:1      | Reached XP level 2. HP: 14/14 MP: 3/3
   641 | D:1      | 641 ||| READING scroll labelled DEIMIBBAOCASU.
   642 | D:1      | 642 ||| READING scroll labelled KISOR REFO.
   669 | D:1      | 669 ||| READING scroll labelled GYEKUS WICRELI.
   673 | D:1      | 673 ||| READING scroll labelled QIPSIMA HOELYDIN.
   673 | D:1      | Identified a scroll of acquirement
   673 | D:1      | 673 ||| ACQUIRING +8 hand cannon of Execution {antimagic,
                  | rC- Int+3 SInv Stlth+}
   673 | D:1      | Acquired the +8 hand cannon of Execution {antimagic, rC-
                  | Int+3 SInv Stlth+}
   675 | D:1      | 675 ||| SWAPPING to +8 hand cannon of Execution {antimagic,
                  | rC- Int+3 SInv Stlth+}.
   676 | D:1      | 676 ||| DROPPING +0 shortbow.
   677 | D:1      | 677 ||| DRINKING 2 sapphire potions.
   678 | D:1      | 678 ||| DRINKING 2 sedimented inky potions.
   678 | D:1      | Gained mutation: Armour fits poorly on your strangely
                  | shaped body. [potion of mutation]
   678 | D:1      | Gained mutation: Your mind is acute. (Int +4, Str/Dex -1)
                  | [potion of mutation]
   678 | D:1      | Gained mutation: You have a pair of small antennae on your
                  | head. [potion of mutation]
   679 | D:1      | 679 ||| DROPPING scroll of butterflies.
   688 | D:2      | Reached XP level 3. HP: 18/18 MP: 1/4
   718 | D:2      | Reached XP level 4. HP: 22/22 MP: 1/5
  1083 | D:2      | 1083 ||| READING 2 scrolls labelled TOONLU KUF.
  1084 | D:2      | 1084 ||| DRINKING 2 murky red potions.
  1085 | D:2      | 1085 ||| DROPPING scroll of revelation.
  1086 | D:2      | 1086 ||| DROPPING potion of magic.
  1114 | D:3      | Found a faded altar of an unknown god.
  1148 | D:3      | Found Ifarenne's Magic Scroll Shoppe.
  1157 | D:3      | 1157 ||| SHOPLISTING scroll of enchant armour (82 gold,
                  | have 57).
  1219 | D:3      | Found a stormy altar of Qazlal.
  1298 | D:3      | Found Olinn's General Store.
  1307 | D:3      | 1307 ||| SHOPLISTING amulet of guardian spirit (300 gold,
                  | have 127).
  1307 | D:3      | 1307 ||| BUYING potion of haste (100 gold).
  1307 | D:3      | Bought a potion of haste for 100 gold pieces
  1307 | D:3      | 1307 ||| SHOPLISTING potion of heal wounds (50 gold, have
                  | 27).
  1307 | D:3      | 1307 ||| SHOPLISTING potion of mutation (80 gold, have 27).
  1445 | D:3      | Found Rohuid's Antique Armour Shoppe.
  1591 | D:3      | Found Ituom's Antique Weapon Shop.
  1785 | D:3      | Reached XP level 5. HP: 26/26 MP: 2/6
  1865 | D:3      | 1865 ||| READING scroll labelled SES COCUTT.
  1865 | D:3      | 1865 ||| IDENTIFYING clear potion
  1866 | D:3      | 1866 ||| DRINKING 3 fuming ruby potions.
  1971 | D:4      | Reached skill level 6 in Ranged Weapons
  2086 | D:4      | Noticed an ogre
  2087 | D:4      | 2087 ||| RETREEEEATING.
  2088 | D:4      | 2088 ||| RETREEEEATING.
  2089 | D:4      | 2089 ||| RETREEEEATING.
  2090 | D:4      | 2090 ||| RETREEEEATING.
  2091 | D:4      | 2091 ||| RETREEEEATING.
  2093 | D:4      | 2093 ||| DRINKING potion of haste.
  2096 | D:4      | Killed an ogre
  2097 | D:4      | Reached skill level 6 in Dodging
  2097 | D:4      | Reached XP level 6. HP: 30/30 MP: 2/7
  2208 | D:4      | Found a runed translucent door.
  2211 | D:4      | Noticed qw's ghost (amateur DEHu)
  2216 | D:4      | 2216 ||| READING scroll labelled WIODIN FOJUWK.
  2224 | D:4      | Reached XP level 7. HP: 27/35 MP: 2/8
  2224 | D:4      | 2224 ||| FLEEEEING.
  2227 | D:4      | 2227 ||| FLEEEEING.
  2228 | D:4      | 2228 ||| FLEEEEING.
  2229 | D:4      | 2229 ||| FLEEEEING.
  2230 | D:4      | 2230 ||| FLEEEEING.
  2231 | D:4      | 2231 ||| FLEEEEING.
  2232 | D:4      | 2232 ||| FLEEEEING.
  2233 | D:4      | 2233 ||| FLEEEEING.
  2234 | D:4      | 2234 ||| FLEEEEING.
  2235 | D:4      | 2235 ||| FLEEEEING.
  2240 | D:4      | 2240 ||| FLEEEEING.
  2241 | D:4      | 2241 ||| FLEEEEING.
  2242 | D:4      | 2242 ||| STAIRDANCE
  2261 | D:4      | 2261 ||| STAIRDANCE
  2435 | D:4      | Found Sinat's Jewellery Emporium.
  2438 | D:4      | 2438 ||| SHOPLISTING +6 ring of dexterity (360 gold, have
                  | 181).
  2438 | D:4      | 2438 ||| SHOPLISTING +6 ring of strength (360 gold, have
                  | 181).
  2438 | D:4      | 2438 ||| SHOPLISTING amulet of reflection (300 gold, have
                  | 181).
  2438 | D:4      | 2438 ||| SHOPLISTING ring of ice (250 gold, have 181).
  2438 | D:4      | 2438 ||| SHOPLISTING ring of resist corrosion (200 gold,
                  | have 181).
  2543 | D:4      | 2543 ||| READING scroll labelled REIZI LUESUN.
  2565 | D:5      | Entered Level 5 of the Dungeon
  2652 | D:5      | Found an opulent altar of Gozag.
  2806 | D:5      | Found Wyovyq's Jewellery Shoppe.
  2818 | D:5      | 2818 ||| SHOPLISTING +4 ring of protection (468 gold, have
                  | 229).
  2818 | D:5      | 2818 ||| SHOPLISTING amulet "Hunkem" {RegenMP +Blink Fly
                  | SInv Stlth-} (635 gold, have 229).
  2818 | D:5      | 2818 ||| SHOPLISTING amulet of reflection (390 gold, have
                  | 229).
  2818 | D:5      | 2818 ||| SHOPLISTING ring of fire (325 gold, have 229).
  2818 | D:5      | 2818 ||| SHOPLISTING ring of ice (325 gold, have 229).
  2824 | D:5      | Noticed Ijyb
  2828 | D:5      | 2828 ||| RETREEEEATING.
  2829 | D:5      | 2829 ||| RETREEEEATING.
  2830 | D:5      | 2830 ||| RETREEEEATING.
  2831 | D:5      | 2831 ||| RETREEEEATING.
  2832 | D:5      | 2832 ||| ZAPPING wand of mindburst (8) at 0,-1 (black bear;
                  | floor).
  2833 | D:5      | 2833 ||| ZAPPING wand of mindburst (7) at 0,-1 (black bear;
                  | floor).
  2837 | D:5      | Killed Ijyb
  2987 | D:5      | Reached skill level 3 in Fighting
  3044 | D:5      | Noticed a steam dragon
  3045 | D:5      | 3045 ||| DRINKING potion of haste.
  3047 | D:5      | Killed a steam dragon
  3048 | D:5      | Reached XP level 8. HP: 40/40 MP: 3/9
  3135 | D:5      | 3135 ||| READING scroll labelled RUREJA ANA TOH.
  3135 | D:5      | 3135 ||| ENCHANTING +0 robe.
  3136 | D:5      | 3136 ||| READING scroll labelled ICYPOG DIZA.
  3158 | D:6      | Found a radiant altar of Vehumet.
  3158 | D:6      | Found a hazy altar of Hepliaklqana.
  3158 | D:6      | Found a bloodstained altar of Trog.
  3168 | D:6      | 3168 ||| RETREEEEATING.
  3169 | D:6      | 3169 ||| RETREEEEATING.
  3170 | D:6      | 3170 ||| RETREEEEATING.
  3171 | D:6      | 3171 ||| RETREEEEATING.
  3175 | D:6      | Noticed Pikel
  3180 | D:6      | HP: 10/40 [lemure[Pikel] (9)]
  3181 | D:6      | 3181 ||| READING 2 scrolls of teleportation.
  3182 | D:6      | HP: 2/40 [poisoned by a water moccasin]
  3182 | D:6      | Mangled by a water moccasin

Levels and vault maps discovered:
D:1:      lemuel_arrival_muddy, layout_basic, chequers_serial_rivers_micro_b,
          serial_bayou_crossing
D:2:      layout_rooms, minmay_heptomino_l4
D:3:      layout_loops_corners, amcnicky_altar_gilded,
          ebering_ecumenical_altar_sacrificial, serial_shops,
          nicolae_shop_advertising_works [nicolae_subvault_shop_adworks], shop,
          shop, nicolae_square_shop
D:4:      layout_rooms, serial_shops, nicolae_shop_real_fake_doors,
          hellmonk_ghost_happy_afterlife, minmay_misc_feat_columns
D:5:      layout_rooms, mainiacjoe_overflow_24_doors, serial_shops, shop,
          roderic_cross_of_infinity, uniq_ijyb
D:6:      layout_cave_pools, chequers_temple_overflow_statue_of_worship,
          minmay_diced_spiral, uniq_pikel

Skill      XL: |  1  2  3  4  5  6  7 |
---------------+----------------------+-----
Dodging        | 3 4 5 6 8 |  8.1
Ranged Weapons | 5 6 7 8 |  8.3
Fighting       | 2 3 |  3.0
Stealth        | |  1.5

Action                     |  1- 3 |  4- 6 |  7- 9 || total
---------------------------+-------+-------+-------++-------
   Fire: Shortbow          |    55 |       |       ||    55
         Hand cannon       |    12 |    87 |    52 ||   151
  Evoke: Wand              |       |       |     2 ||     2
    Use: Scroll            |     4 |     3 |     4 ||    11
         Potion            |     2 |     3 |     1 ||     6
 Armour: Robe              |       |     6 |    12 ||    18
  Dodge: Dodged            |     6 |    20 |    45 ||    71

Table legend:
 A = Non-vault XP
 B = Vault XP
 C = Vault XP percentage of total XP
 D = Non-vault monster count
 E = Vault monster count
 F = Vault count percentage of total count
                 A         B        C        D         E       F
            +---------+---------+-------+---------+---------+-------
      Total |    1677 |      51 |   3.0 |     100 |       4 |   3.8
            +---------+---------+-------+---------+---------+-------
        D:1 |      39 |       0 |   0.0 |      23 |       0 |   0.0
        D:2 |      82 |      16 |  16.3 |      24 |       3 |  11.1
        D:3 |      88 |       0 |   0.0 |      14 |       0 |   0.0
        D:4 |     625 |       0 |   0.0 |      25 |       0 |   0.0
        D:5 |     707 |      35 |   4.7 |      12 |       1 |   7.7
        D:6 |     136 |       0 |   0.0 |       2 |       0 |   0.0
            +---------+---------+-------+---------+---------+-------
